 Dungeon Crawl Stone Soup version 0.19-a0 (webtiles) character file.

203 st0uf the Skirmisher (level 6, -3/50 HPs)
             Began as a Formicid Abyssal Knight on Apr 27, 2016.
             Was a Believer of Lugonu.
             Slain by a worker ant (7 damage)
             ... on level 4 of the Dungeon.
             The game lasted 00:11:48 (3922 turns).

st0uf the Skirmisher (Formicid Abyssal Knight)      Turns: 3922, Time: 00:11:49

Health: -3/50      AC:  3    Str: 17    XL:     6   Next: 8%
Magic:  6/7        EV: 12    Int: 11    God:    Lugonu [**....]
Gold:   154        SH:  0    Dex: 12    Spells: 0 memorised, 5 levels left

rFire  . . .     SeeInvis +     a - +1 spear
rCold  . . .     Gourm    .     b - +0 leather armour
rNeg   . . .     Faith    .     (no shield)
rPois  .         Spirit   .     (helmet unavailable)
rElec  .         Dismiss  .     (no cloak)
rCorr  .         Reflect  .     (no gloves)
SustAt +         Harm     .     (no boots)
MR     +....                    (no amulet)
Stlth  ++........               u - ring of sustain attributes
                                q - ring of protection from magic

@: lethally poisoned (-3 -> -15), somewhat resistant to hostile enchantments,
unstealthy
A: permanent stasis, dig shafts and tunnels, four strong arms, antennae 3
a: Dig, Shaft Self, Depart the Abyss, Bend Space, Renounce Religion


You were on level 4 of the Dungeon.
You worshipped Lugonu.
Lugonu was pleased with you.
You were hungry.

You visited 1 branch of the dungeon, and saw 4 of its levels.
You visited the Abyss 1 time.

You collected 154 gold pieces.

Inventory:

Hand Weapons
 a - a +1 spear (weapon)
 x - a +0 trident
Missiles
 p - 52 sling bullets
 r - 88 stones (quivered)
Armour
 b - a +0 leather armour (worn)
Jewellery
 g - an uncursed ring of magical power
 i - an uncursed ring of wizardry
 q - a ring of protection from magic (left hand)
 u - a ring of sustain attributes (right hand)
Wands
 l - a wand of random effects (18/48)
Scrolls
 e - a scroll of vulnerability {unknown}
 f - 4 scrolls of identify {unknown}
 j - 3 scrolls of teleportation {unknown}
 k - a scroll of enchant weapon {unknown}
 n - 2 scrolls of amnesia {unknown}
 o - a scroll of recharging {unknown}
Potions
 d - 3 potions of flight {unknown}
 h - a potion of might {unknown}
 m - 2 potions of curing {unknown}
 s - a potion of haste {unknown}
 v - a potion of cancellation {unknown}
 A - a potion of resistance {unknown}
 B - a potion of mutation {unknown}
Comestibles
 c - 4 bread rations
 t - a slice of pizza
 w - a royal jelly
 z - a beef jerky


   Skills:
 + Level 4.8 Fighting
 + Level 3.2 Polearms
 + Level 3.2 Armour
 + Level 2.0 Dodging
 + Level 1.6 Stealth
 + Level 2.4 Invocations


You had 5 spell levels left.
You didn't know any spells.

Dungeon Overview and Level Annotations

Branches:
Dungeon (4/15)
 Temple: D:4-7

Altars:
Okawaru
Qazlal
Trog
Xom


Innate Abilities, Weirdness & Mutations

You are under a permanent stasis effect.
You can dig through walls and to a lower floor.
Your four strong arms can wield two-handed weapons with a shield.
You have a pair of large antennae on your head (SInv).


Message History

* * * LOW HITPOINT WARNING * * *
You hit the worker ant.
The worker ant is heavily wounded.
You feel sick. The worker ant bites you.
* * * LOW HITPOINT WARNING * * *
You are lethally poisoned!
The worker ant poisons you! Space bends around you!
You blink.
* * * LOW HITPOINT WARNING * * *
You feel slightly more hungry.
A centaur skeleton comes into view.
* * * LOW HITPOINT WARNING * * *
You feel sick.
* * * LOW HITPOINT WARNING * * *
You feel sick.
You hit the worker ant.
The worker ant is severely wounded.
* * * LOW HITPOINT WARNING * * *
You feel sick. The worker ant bites you!
You die...

####
##...########.#
##............
###.......<..# ##.
#.........@# ....
#.#.......a##..###
#..#..............
#.........##.Z.#
#.........# #.{
#.........# #
#.#.....#...#
#..#>..#...##
##...###..##


You could see a worker ant.

Vanquished Creatures
  An eye of draining (D:3)
  Ijyb (D:2)
  3 adders
  5 worms
  2 dart slugs
  4 giant geckos
  2 orcs (D:3)
  7 bats
  2 giant cockroaches
  4 goblins
  8 hobgoblins
  A quokka (D:2)
  A giant newt (D:2)
  8 kobolds
  4 rats
53 creatures vanquished.

Vanquished Creatures (others)
  4 starspawn tentacles (Abyss:2)
4 creatures vanquished.

Grand Total: 57 creatures vanquished

Notes
Turn   | Place    | Note
--------------------------------------------------------------
     0 | Abyss:1  | st0uf the Formicid Abyssal Knight began the quest for the Orb.
     0 | Abyss:1  | Reached XP level 1. HP: 18/18 MP: 2/2
    41 | Abyss:1  | Noticed a spatial maelstrom
    56 | Abyss:1  | Noticed an iron imp
    59 | Abyss:2  | Noticed a tentacled starspawn
    59 | Abyss:2  | Noticed a tentacled starspawn
    62 | Abyss:2  | Noticed an ancient zyme
    63 | Abyss:2  | Noticed a small abomination
    66 | D:1      | Escaped the Abyss
   110 | D:1      | Reached * piety under Lugonu
   306 | D:1      | You fall through a shaft!
   308 | D:2      | Reached XP level 2. HP: 25/25 MP: 3/3
   513 | D:1      | Reached skill level 1 in Dodging
   551 | D:1      | Reached skill level 4 in Fighting
  1138 | D:1      | Reached XP level 3. HP: 29/30 MP: 4/4
  2001 | D:2      | Found a shimmering altar of Xom.
  2067 | D:2      | Noticed Ijyb
  2080 | D:2      | Killed Ijyb
  2080 | D:2      | Reached XP level 4. HP: 28/38 MP: 5/5
  2528 | D:2      | Reached skill level 1 in Stealth
  2934 | D:3      | Found an iron altar of Okawaru.
  3147 | D:3      | Reached XP level 5. HP: 36/43 MP: 6/6
  3247 | D:3      | Reached ** piety under Lugonu
  3292 | D:3      | Found a stormy altar of Qazlal.
  3368 | D:3      | Found a bloodstained altar of Trog.
  3368 | D:3      | Noticed an eye of draining
  3389 | D:3      | Killed an eye of draining
  3389 | D:3      | Reached XP level 6. HP: 38/50 MP: 0/7
  3922 | D:4      | Slain by a worker ant

Vault maps used:
D:1:      evilmike_arrival_run_for_it
D:2:      xom_butterflies, uniq_iyjb
D:3:      trog_eyes_of_draining, lemuel_crystal_altar,
          nicolae_qazlal_general_emergency
D:4:      minmay_opposing_rooms, makhleb_heckhound_becter,
          nicolae_tso_swordbearing_angel, kiku_gazebo_garden_becter,
          first_bread, uniq_eustachio
Abyss:2:  hangedman_cross_veins

Skill      XL: |  1  2  3  4  5 |
---------------+----------------+-----
Dodging        | 1 2 |  2.0
Fighting       | 4 |  4.8
Stealth        | 1 |  1.6
Polearms       | 3 |  3.2
Armour         | 3 |  3.2
Invocations    | |  2.4

Action                   |  1- 3 |  4- 6 || total
-------------------------+-------+-------++-------
Melee: Spear             |   122 |   140 ||   262
Invok: Depart the Abyss  |     1 |       ||     1
       Bend Space        |       |     1 ||     1
 Abil: Dig               |       |     1 ||     1
 Stab: Sleeping          |       |     2 ||     2
  Eat: Chunk             |     4 |     5 ||     9
Armor: Leather armour    |    21 |     7 ||    28
Dodge: Dodged            |    39 |    34 ||    73
